Get step-by-step instructions on how to execute this build order below. Start the game timer, and the build order will tick by so you can play in parallel with StarCraft on a second screen or mobile device.

Game Time

  0:00

Last Step

  N/A

Next Step

Upcoming Step



Don't want to look back and forth between 2 screens? Try out our Overwolf App, the Spawning Tool Build Advisor to get an in-game overlay with this build!

Complete Build Order

  12  0:00  SCV  
  13  0:26  Supply Depot  
  13  0:30  SCV  
  14  0:37  Refinery  
  14  0:42  SCV  
  15  0:49  Barracks  
  15  0:54  SCV  
  16  1:06  SCV  
  17  1:19  SCV  
  17  1:24  Refinery  
  17  1:25  Barracks  
  18  1:32  SCV  
  19  1:38  Marine  
  20  2:04  Command Center  
  20  2:07  SCV  
  21  2:20  SCV  
  22  2:23  Marine  
  23  2:33  Factory  
  23  2:47  Supply Depot  
  23  3:08  Orbital Command, Marine x2  
  25  3:26  Marine x2  
  27  3:44  Marine x2  
  29  3:49  Factory Reactor  
  29  3:55  Factory  
  29  4:02  Marine x2  
  31  4:10  SCV x2  
  31  4:14  Refinery  
  31  4:16  Supply Depot  
  33  4:22  Engineering Bay  
  33  4:25  SCV  
  34  4:33  SCV  
  34  4:37  SCV  
  36  4:45  SCV  
  37  4:46  Supply Depot  
  37  4:50  Factory Reactor  
  37  4:55  SCV  
  38  5:06  Factory  
  40  5:14  Hellion x2  
  42  5:32  Hellion x2  
  46  5:51  Marine  
  46  5:52  Marine  
  48  5:59  Factory Tech Lab  
  48  6:07  Armory  
  48  6:08  SCV x2  
  48  6:09  Marine x2  
  52  6:11  Supply Depot  
  52  6:20  SCV x2  
  54  6:27  Marine  
  56  6:32  SCV  
  56  6:33  SCV  
  56  6:34  Marine  
  58  6:45  Marine, SCV  
  60  6:47  Terran Infantry Weapons Level 1  
  60  6:49  SCV  
  60  6:52  Marine  
  62  6:54  Armory  
  62  7:03  Marine  
  62  7:07  Hellion x3  
  69  7:09  SCV  
  70  7:42  SCV x2  
  68  7:50  Marine x2  
  66  7:54  SCV x2  
  67  8:06  SCV  
  67  8:07  Marine, SCV  
  70  8:27  Missile Turret  
  70  8:36  Engineering Bay  
  70  8:42  Refinery  
  70  8:46  Supply Depot  
  70  8:48  Missile Turret  
  70  8:56  Orbital Command  
  70  9:03  Smart Servos  
  70  9:04  Armory  
  70  9:08  Hellion x3, Marine x2  
  70  9:09  Supply Depot  
  78  9:11  Missile Turret  
  78  9:31  Hellion x3, SCV, Marine  
  86  9:32  Missile Turret  
  86  9:33  Supply Depot  
  86  9:36  Supply Depot  
  86  9:41  Siege Tank, Marine  
  86  9:43  SCV  
  86  9:44  Terran Vehicle Weapons Level 1  
  91  9:49  Marine  
  94  9:53  Hellion  
  94  9:54  Hellion x2  
  94  9:55  Hellion  
  94  9:59  Marine, Supply Depot  
  101  10:00  Supply Depot  
  101  10:06  Marine  
  102  10:14  Siege Tank  
  105  10:17  Marine  
  106  10:21  Infernal Pre-Igniter  
  106  10:24  Marine  
  107  10:35  Marine  
  108  10:38  Command Center  
  108  10:42  Marine  
  109  10:52  Marine  
  110  11:00  Marine  
  111  11:10  Marine  
  112  11:18  Marine  
  113  11:25  Siege Tank  
  116  11:28  Marine  
  117  11:35  Marine  
  118  11:46  Marine  
  119  11:53  Planetary Fortress, Marine  
  116  11:57  Missile Turret  
  116  12:00  SCV x2  
  118  12:03  Hellion  
  118  12:04  Hellion x3, Marine  
  127  12:11  Marine  
  127  12:12  SCV  
  129  12:18  Missile Turret  
  129  12:22  Marine  
  130  12:24  Barracks  
  130  12:29  Marine  
  131  12:39  Missile Turret